 Dungeon Crawl Stone Soup version 0.30.1-9-gdf580d7c3d (webtiles) character file.

Game seed: 567509145661968163

35 lonewolfV2 the Shield-Bearer (level 3, -1/30 HPs)
             Began as a Formicid Fighter on Oct 2, 2023.
             Slain by Ijyb
             ... wielding a +0 club
              (5 damage)
             ... on level 2 of the Dungeon on Oct 3, 2023.
             The game lasted 00:02:04 (2129 turns).

lonewolfV2 the Shield-Bearer (Formicid Fighter)     Turns: 2129, Time: 00:02:04

Health: -1/30      AC:  6    Str: 22    XL:     3   Next: 55%
Magic:  3/3        EV:  9    Int:  7    God:
Gold:   59         SH:  6    Dex: 13    Spells: 2/2 levels left

rFire   . . .        a - +0 war axe
rCold   . . .        c - +1 buckler
rNeg    . . .        b - +0 scale mail
rPois   .            (helmet unavailable)
rElec   .            (no cloak)
rCorr   .            (no gloves)
SInv    +            (no boots)
Will    .....        p - amulet of the acrobat Stlth
                     (no ring)
HPRegen 0.25/turn    (no ring)
MPRegen 0.08/turn

%: acrobat
@: no status effects
A: permanent stasis, dig shafts and tunnels, antennae 3, four strong arms
a: Dig, Shaft Self


You were on level 2 of the Dungeon.
You visited 1 branch of the dungeon, and saw 3 of its levels.

You collected 59 gold pieces.

Inventory:

Hand Weapons
 a - a +0 war axe (weapon)
Armour
 b - a +0 scale mail (worn)
 c - a +1 buckler (worn)
Jewellery
 p - an amulet of the acrobat (around neck)
Wands
 m - a wand of flame (25)
Scrolls
 e - a scroll of teleportation {unknown}
 f - 2 scrolls of enchant armour
 h - a scroll of vulnerability {unknown}
 l - a scroll of fear {unknown}
 n - a scroll of fog {unknown}
Potions
 d - 2 potions of might
 g - 2 potions of flight
 i - a potion of mutation {unknown}
 j - a potion of invisibility {unknown}
 k - 2 potions of degeneration
 o - a potion of berserk rage {unknown}


   Skills:
 + Level 3.8 Fighting
 + Level 2.5 Axes
 + Level 3.5 Armour
 + Level 0.1 Dodging
 + Level 4.4 Shields


You had 2 spell levels left.
You didn't know any spells.
Your spell library contained the following spells:

 Spells                   Type           Power      Damage    Failure   Level
 Tukima's Dance           Hex            0%         N/A       99%         3
 Passage of Golubria      Tloc           0%         N/A       100%        4
 Yara's Violent Unravell  Hex/Tmut       0%         3d3       100%        5


Dungeon Overview and Level Annotations

Branches:
Dungeon (3/15)

Altars:

Shops:
D:2 [

Annotations:
D:2 Ijyb


Innate Abilities, Weirdness & Mutations

You cannot be hasted, slowed, berserked, paralysed or teleported.
You can dig through walls and to a lower floor.
You have a pair of large antennae on your head. (SInv)
Your four strong arms can wield two-handed weapons with a shield.


Message History

The bolt of light hits you!
A kobold comes into view. It is wielding a +0 club.
A goblin comes into view. It is wielding a +0 dagger.
The hound bites you.
* * * LOW HITPOINT WARNING * * *
Ijyb hits you with a +0 club.
* * * LOW HITPOINT WARNING * * *
The goblin shouts!
Ijyb attacks as you move away! Ijyb hits you but does no damage.
The kobold shouts!
You block the hound's attack.
There is a stone staircase leading up here.
The hound barely misses you. You block the hound's attack.
Ijyb barely misses you.
You climb upwards.
There is a stone staircase leading down here.
You hit the hound.
The hound is almost dead.
You hit Ijyb. The hound bites you but does no damage. Ijyb misses you.
The hound bites you.
* * * LOW HITPOINT WARNING * * *
You barely miss the hound.
The hound is almost dead.
You barely miss Ijyb. The hound completely misses you. Ijyb closely misses you.
The hound closely misses you. Ijyb hits you but does no damage.
You hit the hound but do no damage.
The hound is almost dead.
You hit Ijyb. You block the hound's attack. The hound bites you.
* * * LOW HITPOINT WARNING * * *
You block Ijyb's attack.
You hit the hound but do no damage.
The hound is almost dead.
You slash Ijyb! The hound closely misses you. Ijyb hits you with a +0 club.
* * * LOW HITPOINT WARNING * * *
The hound bites you.
* * * LOW HITPOINT WARNING * * *
You slash the hound!
You kill the hound!
You hit Ijyb. Ijyb closely misses you. Ijyb hits you with a +0 club.
You die...

#.# #.#........# #....####
#.###.#........# #........
#.....#.#####'####........
#.....#.....#.###.........
###.##.#####.#.#...........
#..........#.#[#.##........
######.###.......##........
#.# ###.#...#......... #.#
#@..+...#......... #.#
#g###...#.......#. #.# #.#
#...#.......#. #.# #.#
#...#.......##
#.###.###...#.......#
#.........###.......#
#####.###.###.......#
#....###...........##
#....................


You could see Ijyb.

Vanquished Creatures
  A hound (D:2)
  3 dart slugs (D:1)
  4 bats
  2 endoplasms (D:1)
  3 goblins
  2 hobgoblins
  5 kobolds
  2 quokkas (D:1)
  A ball python (D:1)
  2 frilled lizards (D:1)
  4 rats
29 creatures vanquished.

Notes
Turn   | Place    | Note
-------+----------+-------------------------------------------
     0 | D:1      | lonewolfV2 the Formicid Fighter began the quest for the
                  | Orb.
     0 | D:1      | Reached XP level 1. HP: 18/18 MP: 1/1
    27 | D:1      | Reached XP level 2. HP: 12/24 MP: 2/2
   665 | D:1      | Reached XP level 3. HP: 27/30 MP: 3/3
  1487 | D:2      | Found Vumalar's Armour Emporium.
  2115 | D:3      | Noticed Ijyb
  2129 | D:2      | Slain by Ijyb

Illustrated notes

Levels and vault maps discovered:
D:1:      ldierk_walled_garden_2, layout_basic, minivault_24,
          minmay_misc_feat_cross
D:2:      layout_basic, serial_shops, shop_fountains
D:3:      layout_basic, mainiacjoe_overflow_surrounded_room,
          gammafunk_ghost_arena, uniq_ijyb

Action                     || total
---------------------------++-------
  Melee: War axe           ||    90
Ability: Dig               ||     1
    Use: Scroll            ||     6
 Armour: Scale mail        ||    51
  Dodge: Dodged            ||    64
  Block: Buckler           ||    43
